 Dungeon Crawl Stone Soup version 0.30-a0-696-g2367cd04db (webtiles) character file.

Game seed: 14530321477211208881

117 omnomnOMINOUS the Twirler (level 5, -4/35 HPs)
             Began as an Octopode Wanderer on Jan 20, 2023.
             Was an Initiate of Yredelemnul.
             Slain by a gnoll
             ... wielding a +0 spear
              (6 damage)
             ... on level 3 of the Dungeon.
             The game lasted 00:05:18 (1996 turns).

omnomnOMINOUS the Twirler (Octopode Wanderer)       Turns: 1996, Time: 00:05:19

Health: -4/35      AC:  1    Str: 10    XL:     5   Next: 1%
Magic:  0/9        EV: 13    Int: 15    God:    Yredelemnul [......]
Gold:   159        SH:  0    Dex: 14    Spells: 8/9 levels left

rFire   + + .      SeeInvis .    a - +2 quarterstaff
rCold   + . .      Faith    .    (shield currently unavailable)
rNeg    . . .      Spirit   +    b - +0 hat
rPois   +          Reflect  .    s - amulet of guardian spirit
rElec   +          Harm     .    j - ring of poison resistance
rCorr   +          Rampage  .    r - ring of wizardry
Will    .....                    u - ring of protection from fire
Stlth   ++                       (no ring)
HPRegen 0.25/turn                (no ring)
MPRegen 0.11/turn                (no ring)
                                 (no ring)
                                 (no ring)

@: resistant
A: almost no armour, amphibious, 8 rings, camouflage 1, gelatinous body 1,
(nimble swimmer 1), tentacles
a: Renounce Religion, Recall Undead Harvest


You were on level 3 of the Dungeon.
You worshipped Yredelemnul.
Yredelemnul was noncommittal.
You visited 1 branch of the dungeon, and saw 3 of its levels.

You collected 159 gold pieces.

Inventory:

Hand Weapons
 a - a +2 quarterstaff (weapon)
Missiles
 e - 2 throwing nets
 v - 3 curare-tipped darts
Armour
 b - a +0 hat (worn)
Jewellery
 j - a ring of poison resistance (left tentacle)
 r - a ring of wizardry (right tentacle)
 s - an amulet of guardian spirit (around mantle)
 u - a ring of protection from fire (on tentacle)
Scrolls
 d - a scroll of teleportation {unknown}
 f - a scroll of vulnerability {unknown}
 h - 2 scrolls of enchant armour {unknown}
 k - a scroll of immolation {unknown}
 m - a scroll of poison {unknown}
 n - a scroll of enchant weapon {unknown}
 p - a scroll of identify {unknown}
 w - a scroll of amnesia {unknown}
Potions
 c - a potion of attraction
 g - a potion of resistance
 i - a potion of cancellation {unknown}
 l - a potion of mutation {unknown}
 o - 2 potions of flight {unknown}
 q - a potion of degeneration {unknown}
 t - a potion of heal wounds {unknown}
 x - a potion of lignification {unknown}


   Skills:
 + Level 2.4 Fighting
 - Level 3.0 Staves
 + Level 2.6 Dodging
 + Level 2.8 Spellcasting
 + Level 2.0 Conjurations
 - Level 2.0 Air Magic


You had 8 spell levels left.
You knew the following spells:

 Your Spells              Type           Power      Damage    Failure   Level
a - Shock                 Conj/Air       32%        1d5       3%          1

Your spell library contained the following spells:

 Spells                   Type           Power      Damage    Failure   Level
 Swiftness                Air            8%         N/A       11%         3
 Dazzling Flash           Conj/Hex       10%        N/A       16%         3
 Freezing Cloud           Conj/Ice/Air   3%         6-21      75%         5
 Silence                  Hex/Air        2%         N/A       80%         5
 Agony                    Necr           2%         N/A       89%         5
 Polar Vortex             Ice            1%         N/A       100%        9
 Simulacrum               Ice/Necr       Unusable   N/A       N/A         6

Dungeon Overview and Level Annotations

Branches:
Dungeon (3/15)

Altars:
Dithmenos
Yredelemnul

Shops:
D:1 ?


Innate Abilities, Weirdness & Mutations

You cannot wear most types of armour.
You are amphibious.
You can wear up to eight rings at the same time.
Your skin changes colour to match your surroundings (Stealth+).
Your rubbery body absorbs attacks. (AC +1, EV +1)
((You are camouflaged when in or above water. (Stealth+)))
You have tentacles for arms and can constrict up to eight enemies at once.


Message History

You feel clever.
You swap places.
x - a murky yellow potion No target in view!
You open the door.
There is an open door here.
You open the door.
There is an open door here.
You pick up a book of Ice and begin reading...
You add the spells Freezing Cloud and Polar Vortex to your library.
Okay, then.
Unknown command.
An orc wizard comes into view.
It is wielding a +0 dagger. 2 orcs and 4 gnolls come into view.
Found a shadowy altar of Dithmenos.
The orc shouts! x2; The gnoll shouts! x2
The gnoll misses you. The gnoll barely misses you.
The gnoll completely misses you.
You barely miss the orc wizard. You grab the orc wizard.
You constrict the orc wizard. The orc completely misses you.
The gnoll hits you with a +0 flail!
The gnoll hits you from afar with a +0 spear.
The orc wizard misses you. The gnoll completely misses you.
The gnoll hits you from afar with a +0 spear!
You are too injured to fight recklessly!
You are too injured to fight recklessly!
Okay, then.
It was a potion of resistance.
You feel protected.
You constrict the orc wizard. The orc closely misses you.
The gnoll hits you with a +0 flail!
* * * LOW HITPOINT WARNING * * *
The gnoll misses you.
The orc wizard hits you with a +0 dagger.
* * * LOW HITPOINT WARNING * * *
The gnoll hits you with a +0 club.
* * * LOW HITPOINT WARNING * * *
The gnoll hits you from afar with a +0 spear.
You die...
Your body rises from the dead as a mindless zombie.

#..# #...........Z
####..#######.##########.
#.Z.Z..ZZZZ...# #.....
#Z###.##############.###.
#.# #.# #......# #. ##Z#
####### #.####.###.
#.Z###.....### #>....
#Z##.....o...## #####.#.
#.#..♣..o@.♣..# .. #.#.
#.#..♣.gggo♣..# #. #.#.
#.#..♣♣.g.♣♣..# #.# #.#.
#.#...♣...♣...# #.# #.#.
#.##..♣♣.♣♣..## ##.###.#.
#..#...♣♣♣...# #......#.
##.##.......##
###...####. #.###'.§.###
#.......##. #.#..#≈≈≈#
#..........


You could see an orc wizard, 4 gnolls and 2 orcs.

Vanquished Creatures
  4 adders (D:2)
  A worm (D:2)
  3 dart slugs
  An orc (D:3)
  6 ball pythons
  3 bats
  4 endoplasms
  9 giant cockroaches
  4 goblins
  4 hobgoblins
  2 jackals (D:1)
  5 kobolds
  3 quokkas
  A frilled lizard (D:1)
  2 rats
52 creatures vanquished.

Vanquished Creatures (collateral kills)
  An adder (D:2)
  2 ball pythons (D:1)
  An endoplasm (D:2)
  A bat (D:2)
  A rat (D:1)
6 creatures vanquished.

Vanquished Creatures (others)
  A bat zombie (D:2)
  A giant cockroach zombie (D:1)
  A hobgoblin zombie (D:1)
  A kobold zombie (D:1)
  A fungus (D:1)
  4 plants (D:1)
9 creatures vanquished.

Grand Total: 67 creatures vanquished

Notes
Turn   | Place    | Note
-------+----------+-------------------------------------------
     0 | D:1      | omnomnOMINOUS the Octopode Wanderer began the quest for the
                  | Orb.
     0 | D:1      | omnomnOMINOUS set off with the following items: a +2
                  | quarterstaff, a +0 hat, a potion of attraction; and the
                  | following spell memorised: Shock; and the following spells
                  | available to memorise: Swiftness.
     0 | D:1      | Reached XP level 1. HP: 13/13 MP: 3/3
    62 | D:1      | Found Duolosk's Magic Scroll Shoppe.
    94 | D:1      | Reached XP level 2. HP: 17/18 MP: 5/5
   121 | D:1      | Found a faded altar of an unknown god.
   132 | D:1      | Prayed at the altar of an unknown god.
   132 | D:1      | Became a worshipper of Yredelemnul the Dark
   132 | D:1      | Reached * piety under Yredelemnul
   181 | D:1      | Reached skill level 1 in Conjurations
   233 | D:1      | Reached XP level 3. HP: 22/23 MP: 6/6
   234 | D:1      | Reached ** piety under Yredelemnul
   559 | D:2      | Reached XP level 4. HP: 23/29 MP: 7/7
  1230 | D:2      | Reached *** piety under Yredelemnul
  1934 | D:3      | Reached XP level 5. HP: 34/35 MP: 7/9
  1992 | D:3      | Found a shadowy altar of Dithmenos.
  1996 | D:3      | Slain by a gnoll

Illustrated notes

Levels and vault maps discovered:
D:1:      saegor_arrival_simple_a, layout_rooms, serial_shops, shop,
          shapermc_ecumenical_altar_mp_ritualfount, minmay_worlds_worst_comb
D:2:      layout_basic, nicolae_half_adder
D:3:      layout_loops_ring, mainiacjoe_overflow_two_lobes, nicolae_titane

Skill      XL: |  1  2  3  4 |
---------------+-------------+-----
Dodging        | 2 |  2.6
Conjurations   | 1 2 |  2.0
Fighting       | 2 |  2.4
Staves         | |  3.0
Spellcasting   | |  2.8
Air Magic      | |  2.0

Action                   |  1- 3 |  4- 6 || total
-------------------------+-------+-------++-------
Melee: Quarterstaff      |    51 |    34 ||    85
       Tentacles         |     6 |     7 ||    13
       Constrict         |     8 |    10 ||    18
       Punch             |       |     1 ||     1
Invok: Recall Undead Har |       |     1 ||     1
  Use: Potion            |       |     1 ||     1
 Stab: Sleeping          |     5 |     3 ||     8
       Distracted        |     1 |       ||     1
Armor: Skin              |     6 |     2 ||     8
Dodge: Dodged            |    33 |    26 ||    59

Table legend: (Time is in decaauts)
 A = Elapsed time spent in this place.
 B = Non-inter-level travel time spent in this place.
 C = Inter-level travel time spent in this place.
 D = Time resting spent in this place.
 E = Time spent auto-exploring this place.
 F = Levels seen in this place.
 G = Mean time per level.
                   A        B        C        D        E       F      G
               +--------+--------+--------+--------+--------+-----+--------+
         Total |   2006 |   1984 |     22 |      0 |   1628 |   3 |  668.7 |
       Dungeon |   2006 |   1984 |     22 |      0 |   1628 |   3 |  668.7 |
               +--------+--------+--------+--------+--------+-----+--------+

Top non-repeatable levels by time:
     D:2: 941 daAuts
     D:3: 585 daAuts
     D:1: 480 daAuts
